 Dungeon Crawl Stone Soup version 0.30-a0-304-gdc4b735fe1 (webtiles) character file.

Game seed: 9566030503251682141

11473 Darkkill the Fighter (level 11, 0/102 HPs)
             Began as a Minotaur Hunter on Oct 20, 2022.
             Was a High Priest of Ashenzari.
             Slain by a yak (5 damage)
             ... on level 2 of the Lair of Beasts.
             The game lasted 00:19:23 (11019 turns).

Darkkill the Fighter (Minotaur Hunter)             Turns: 11019, Time: 00:19:23

Health: 0/102      AC:  7    Str: 17    XL:     11   Next: 49%
Magic:  10/10      EV: 22    Int:  8    God:    Ashenzari [*****.]
Gold:   3051       SH:  5    Dex: 23    Spells: 10/10 levels left

rFire   . . .      SeeInvis +    a - +0 shortbow of the Ruined Seer {Fort, Melee} (curse)
rCold   + . .      Faith    .    (shield currently unavailable)
rNeg    . . .      Spirit   .    j - +0 ring mail of Panopticon {-Cast Will+ Dex+2, Comp, Melee} (curse)
rPois   .          Reflect  +    (helmet restricted)
rElec   .          Harm     .    (no cloak)
rCorr   .          Rampage  +    w - +0 pair of gloves of Ashenzari's Fetters {Cun, Bglg} (curse)
Will    +....      Clarity  +    y - +0 pair of boots of the Ensconced Augur {rampage, Elem, Fort} (curse)
Stlth   +++++..... NoCast   +    h - amulet of Ashenzari's Fetters {Reflect SH+5, Evo, Fort} (curse)
HPRegen 0.37/turn                t - ring of Ashenzari's Visionary {Dex+6, Comp, Cun} (curse)
MPRegen 0.12/turn                x - ring of Curses and Power {rC+, Comp, Cun} (curse)

@: lethally poisoned (0 -> -4), about to teleport
A: horns 2, retaliatory headbutt
a: Renounce Religion, Curse Item, Shatter the Chains


You were on level 2 of the Lair of Beasts.
You worshipped Ashenzari.
Ashenzari was extremely pleased with you.
You visited 3 branches of the dungeon, and saw 12 of its levels.

You collected 3051 gold pieces.

Inventory:

Hand Weapons
 a - the cursed +0 shortbow of the Ruined Seer (weapon) {Fort, Melee}

   It has a curse which improves the following skills: Fortitude: Armour and
   Shields.
   Melee Combat: Short Blades, Long Blades, Axes, Maces & Flails, Polearms,
   Staves and Unarmed Combat.
 B - the +9 whip of Frustration {drain, Str+8 SInv}
   (You found it on level 8 of the Dungeon)

   A truly terrible weapon, it drains the life of any living foe it strikes.
   Str:       It affects your strength (+8).
   SInv:      It lets you see invisible.
Missiles
 d - 7 boomerangs
 r - 28 stones
 D - 2 javelins
 E - 4 poisoned darts
Armour
 j - the cursed +0 ring mail of Panopticon (worn) {-Cast Will+ Dex+2, Comp, Melee}
   (You found it on level 2 of the Dungeon)

   Dex:       It affects your dexterity (+2).
   -Cast:     It prevents spellcasting.
   Will:      It increases your willpower.
   It has a curse which improves the following skills: Companions: Summonings
   and Necromancy.
   Melee Combat: Short Blades, Long Blades, Axes, Maces & Flails, Polearms,
   Staves and Unarmed Combat.
 w - the cursed +0 pair of gloves of Ashenzari's Fetters (worn) {Cun, Bglg}
   (You found it on level 5 of the Dungeon)

   It has a curse which improves the following skills: Cunning: Dodging and
   Stealth.
   Beguiling: Conjurations, Hexes and Translocations.
 y - the cursed +0 pair of boots of the Ensconced Augur (worn) {rampage, Elem, Fort}
   (You found it on level 5 of the Dungeon)

   It has a curse which improves the following skills: Elements: Fire Magic, Ice
   Magic, Air Magic and Earth Magic.
   Fortitude: Armour and Shields.
Magical Staves
 u - a staff of fire
Jewellery
 h - the cursed amulet of Ashenzari's Fetters (around neck) {Reflect SH+5, Evo, Fort}
   (You found it on level 1 of the Dungeon)

   [amulet of reflection]

   It reflects blocked missile attacks.
   SH:        It affects your SH (+5).
   It has a curse which improves the following skills: Evocations: Evocations.
   Fortitude: Armour and Shields.
 t - the cursed ring of Ashenzari's Visionary (left hand) {Dex+6, Comp, Cun}
   (You found it on level 4 of the Dungeon)

   [ring of dexterity]

   Dex:       It affects your dexterity (+6).
   It has a curse which improves the following skills: Companions: Summonings
   and Necromancy.
   Cunning:   Dodging and Stealth.
 x - the cursed ring of Curses and Power (right hand) {rC+, Comp, Cun}
   (You found it on level 6 of the Dungeon)

   [ring of protection from cold]

   rC:        It protects you from cold.
   It has a curse which improves the following skills: Companions: Summonings
   and Necromancy.
   Cunning:   Dodging and Stealth.
Wands
 c - a wand of flame (11)
 e - a wand of digging (2)
 q - a wand of polymorph (11)
 s - a wand of paralysis (9)
 v - a wand of iceblast (11)
 C - a wand of light (14)
Scrolls
 b - 4 scrolls of immolation
 k - 4 scrolls of enchant armour
 n - a scroll of silence
 o - 5 scrolls of magic mapping
 H - a scroll of amnesia
Potions
 f - 2 potions of berserk rage
 g - a potion of attraction
 i - a potion of haste
 m - 3 potions of might
 p - 4 potions of resistance
 z - a potion of cancellation
 G - 2 potions of brilliance


   Skills:
 + Level 11.2 Fighting
 + Level 11.0 Ranged Weapons
 + Level 10.4(14.9) Dodging
 + Level 8.5(13.0) Stealth


You had 10 spell levels left.
You didn't know any spells.
Your spell library contained the following spells:

 Spells                   Type           Power      Damage    Failure   Level
 Sting                    Tmut/Pois      0%         1d3       63%         1
 Poisonous Vapours        Pois/Air       0%         N/A       75%         2
 Olgreb's Toxic Radiance  Pois           0%         N/A       100%        4
 Malign Gateway           Summ/Tloc      0%         N/A       100%        7
 Summon Horrible Things   Summ           0%         N/A       100%        8


Dungeon Overview and Level Annotations

Branches:
Dungeon (9/15)             Temple (0/1) D:6            Lair (2/5) D:9
    Orc (1/2) D:9
  Swamp: Lair:2-3    Shoals: Lair:2-3     Snake: Lair:2-3    Spider: Lair:2-3

Altars:
Ashenzari
Elyvilon
Gozag
Hepliaklqana
Makhleb
Okawaru
Qazlal
Trog
Uskayaw
Vehumet
The Shining One

Annotations:
D:4 1 runed translucent door, Crazy Yiuf


Innate Abilities, Weirdness & Mutations

You have a pair of horns on your head.
You reflexively headbutt those who attack you in melee.


Message History

The yak is severely wounded.
The yak completely misses you. The yak barely misses you.
You furiously retaliate!
You headbutt the yak. You shoot an arrow. The arrow hits the yak.
The yak is severely wounded.
The yak gores something!
You shoot an arrow. The arrow hits the yak.
The yak is almost dead.
The yak gores you! The yak gores you.
You shoot an arrow. The arrow hits the yak!
You kill the yak!
The yak completely misses you. The yak misses you.
You shoot an arrow. The arrow hits the yak!
The yak is moderately wounded.
The water moccasin completely misses you.
The yak barely misses you. You furiously retaliate!
You headbutt the yak! The yak misses you.
You shoot an arrow.
The arrow hits the yak but does no damage.
The yak is moderately wounded.
The water moccasin bites you but does no damage.
The yak gores you! The yak completely misses you. The yak misses you.
The water moccasin barely misses you. You furiously retaliate!
You headbutt the water moccasin!
You are too injured to fight recklessly!
You are too injured to fight recklessly!
You are too injured to fight recklessly!
You are too injured to fight recklessly!
You are too injured to fight recklessly!
You are too injured to fight recklessly!
You are too injured to fight recklessly!
You are too injured to fight recklessly!
You are too injured to fight recklessly!
You are too injured to fight recklessly!
You are too injured to fight recklessly!
You are too injured to fight recklessly!
You are too injured to fight recklessly!
You are too injured to fight recklessly!
You are too injured to fight recklessly!
You shoot an arrow. The arrow hits the yak.
The yak is moderately wounded.
The water moccasin misses you. The yak misses you. The yak gores you.
The yak completely misses you. x2
You shoot an arrow.
The arrow hits the yak but does no damage.
The yak is moderately wounded.
The water moccasin misses you. The yak barely misses you.
You furiously retaliate!
You headbutt the yak! The yak completely misses you. You furiously retaliate!
You headbutt the yak! The yak barely misses you. The yak closely misses you.
You furiously retaliate!
You headbutt the yak, but do no damage. The water moccasin bites you.
You shoot an arrow.
The arrow hits the yak but does no damage.
The yak is heavily wounded.
The water moccasin misses you. The yak gores you. You block the yak's attack.
The yak completely misses you. You block the yak's attack.
You shoot an arrow. The arrow barely misses the yak.
The water moccasin misses you. The yak misses you. The yak gores you.
The yak gores you! The yak completely misses you.
You block the water moccasin's attack.
You shoot an arrow. The arrow barely misses the yak.
The yak closely misses you. The yak barely misses you. You furiously retaliate!
You headbutt the yak! The yak barely misses you. You furiously retaliate!
You headbutt the yak. You block the yak's attack.
The water moccasin bites you but does no damage.
You shoot an arrow. The arrow hits the yak.
The yak is heavily wounded.
The water moccasin completely misses you.
You furiously retaliate!
You headbutt the water moccasin! The yak closely misses you.
You furiously retaliate!
You headbutt the yak!
You kill the yak!
You block the yak's attack. The yak gores you. The yak barely misses you.
The water moccasin completely misses you.
You shoot an arrow. The arrow hits the yak.
The yak is severely wounded.
The yak gores you. x2; The yak completely misses you.
You furiously retaliate!
You headbutt the yak! The water moccasin bites you.
* * * LOW HITPOINT WARNING * * *
You are poisoned.
The water moccasin poisons you!
You shoot an arrow. The arrow hits the yak.
You kill the yak!
You feel very sick. The water moccasin bites you.
* * * LOW HITPOINT WARNING * * *
You block the yak's attack. The yak barely misses you.
Your life force feels restored.
You shoot an arrow. The arrow hits the yak!
The yak is heavily wounded.
You feel sick.
The water moccasin completely misses you.
You furiously retaliate!
You headbutt the water moccasin. You block the yak's attack. The yak gores you!
* * * LOW HITPOINT WARNING * * *
The water moccasin bites you.
* * * LOW HITPOINT WARNING * * *
As you read the scroll of teleportation, it crumbles to dust.
You feel strangely unstable.
You feel sick. The yak barely misses you. You furiously retaliate!
You headbutt the yak! The yak gores you.
You die...

......................####
....................###
....................#
....................#
...................##
...................#
...................# *,,,
......Y†.## ,,
,,.......@.# * ......SY##
, , ,* ,,......### ,* *
,......, , , ..... * ,
..... , , ,,.... * * *
,,,, ,,,.... * ,, , , ,,,
* *,


You could see 2 yaks and a water moccasin.

Vanquished Creatures
  2 two-headed ogres
  2 black mambas (Lair:1)
  A cane toad (Lair:1)
  2 komodo dragons (Lair:1)
  A troll (D:9)
  3 blink frogs (Lair:2)
  19 yaks
  2 vampire mosquitoes (D:9)
  Menkaure (D:6)
  An acid dragon (D:9)
  7 water moccasins
  3 ice beasts
  6 orc warriors
  2 sky beasts
  2 black bears
  6 wolves (Lair:1)
  An ogre (D:5)
  3 bullfrogs
  4 scorpions
  5 wights (D:8)
  8 killer bees
  6 howler monkeys
  7 hounds
  An orc priest (D:9)
  2 jellies (D:7)
  3 iguanas
  Natasha (thrice) (D:2)
  7 orc wizards
  2 hell rats (Lair:2)
  A statue (D:8)
  7 adders
  8 gnolls
  A shadow imp (D:5)
  2 white imps
  A worm (D:3)
  5 dart slugs
  59 orcs
  8 ball pythons
  5 bats
  8 endoplasms
  3 giant cockroaches
  15 goblins
  15 hobgoblins
  3 jackals (D:5)
  6 quokkas
  3 frilled lizards
  8 kobolds
  10 rats
  A spectral orc (D:7)
281 creatures vanquished.

Vanquished Creatures (others)
  8 fungi
  11 plants
19 creatures vanquished.

Grand Total: 300 creatures vanquished

Notes
Turn   | Place    | Note
-------+----------+-------------------------------------------
     0 | D:1      | Darkkill the Minotaur Hunter began the quest for the Orb.
     0 | D:1      | Reached XP level 1. HP: 18/18 MP: 0/0
    53 | D:1      | Reached skill level 1 in Stealth
   121 | D:1      | Reached XP level 2. HP: 18/25 MP: 1/1
   375 | D:1      | Found a faded altar of an unknown god.
   501 | D:1      | Reached XP level 3. HP: 31/31 MP: 2/2
  1005 | D:1      | Prayed at the altar of an unknown god.
  1005 | D:1      | Became a worshipper of Ashenzari the Shackled
  1010 | D:1      | Reached * piety under Ashenzari
  1050 | D:2      | Noticed Natasha
  1059 | D:2      | Killed Natasha
  1122 | D:2      | Noticed Natasha
  1131 | D:2      | Killed Natasha
  1132 | D:2      | Reached XP level 4. HP: 14/38 MP: 3/3
  1180 | D:2      | Noticed Natasha
  1184 | D:2      | Killed Natasha
  1185 | D:2      | Reached skill level 5 in Ranged Weapons
  1285 | D:2      | Identified the +0 ring mail of the Cricket {-Cast Will+
                  | Dex+2}
  1441 | D:2      | Reached XP level 5. HP: 40/46 MP: 4/4
  1839 | D:3      | Found a glowing golden altar of the Shining One.
  2021 | D:3      | Found a broken altar of Ashenzari.
  2258 | D:3      | Identified a scroll of acquirement
  2383 | D:3      | Reached ** piety under Ashenzari
  2662 | D:3      | Acquired 917 gold pieces
  2766 | D:4      | Reached XP level 6. HP: 44/52 MP: 5/5
  3243 | D:4      | Found a burning altar of Makhleb.
  3253 | D:4      | Found an iron altar of Okawaru.
  3253 | D:4      | Found a bloodstained altar of Trog.
  3332 | D:4      | Found a runed translucent door.
  3333 | D:4      | Noticed Crazy Yiuf
  3401 | D:5      | Entered Level 5 of the Dungeon
  3487 | D:5      | Reached XP level 7. HP: 56/60 MP: 6/6
  3533 | D:5      | Reached skill level 5 in Fighting
  3604 | D:5      | Reached skill level 5 in Dodging
  4225 | D:5      | Acquired 1332 gold pieces
  4237 | D:5      | Reached *** piety under Ashenzari
  4444 | D:6      | Reached **** piety under Ashenzari
  4456 | D:6      | Reached XP level 8. HP: 70/70 MP: 7/7
  4463 | D:6      | Found a stormy altar of Qazlal.
  4497 | D:6      | Found a staircase to the Ecumenical Temple.
  4536 | D:6      | Noticed Menkaure
  4541 | D:6      | Killed Menkaure
  4778 | D:6      | Found a white marble altar of Elyvilon.
  4901 | D:6      | Reached skill level 5 in Stealth
  5171 | D:7      | Reached XP level 9. HP: 46/79 MP: 8/8
  5684 | D:7      | Found a hazy altar of Hepliaklqana.
  5920 | D:7      | Reached ***** piety under Ashenzari
  6169 | D:8      | Found a hide-covered altar of Uskayaw.
  6268 | D:8      | Noticed a two-headed ogre
  6284 | D:8      | Killed a two-headed ogre
  6285 | D:8      | Reached XP level 10. HP: 31/91 MP: 9/9
  6781 | D:8      | Identified the +9 whip of Frustration {drain, Str+8 SInv}
  6929 | D:8      | Found a radiant altar of Vehumet.
  7300 | D:9      | Found a staircase to the Lair.
  7320 | D:9      | Noticed a two-headed ogre
  7336 | D:9      | Found a staircase to the Orcish Mines.
  7788 | D:9      | Killed a two-headed ogre
  8452 | D:9      | Found an opulent altar of Gozag.
  8579 | D:9      | Reached skill level 10 in Ranged Weapons
  8906 | Orc:1    | Entered Level 1 of the Orcish Mines
  8908 | Orc:1    | Noticed an ettin
  8983 | Lair:1   | Entered Level 1 of the Lair of Beasts
  9058 | Lair:1   | Reached skill level 10 in Fighting
  9122 | Lair:1   | Noticed a black mamba
  9138 | Lair:1   | Killed a black mamba
  9428 | Lair:1   | Reached XP level 11. HP: 43/101 MP: 10/10
 10144 | Lair:1   | Reached skill level 10 in Dodging
 11018 | Lair:2   | HP: 11/102 [yak (12)]
 11018 | Lair:2   | HP: 5/102 [water moccasin (6)]
 11019 | Lair:2   | Slain by a yak

Illustrated notes

Levels and vault maps discovered:
D:1:      lightli_arrival_noodles, layout_basic,
          shapermc_ecumenical_altar_mp_vishouse
D:2:      layout_rooms, kennysheep_cross_room, minivault_23,
          minmay_goblin_outpost, uniq_natasha
D:3:      layout_rooms, mainiacjoe_overflow_alcove_2, amcnicky_altar_gilded,
          minmay_starry_boxes
D:4:      layout_rooms, grunt_temple_overflow_open, uniq_crazy_yiuf_cottage
D:5:      layout_loops_ring
D:6:      layout_basic, grunt_qazlal_clouds, mainiacjoe_overflow_catwalk,
          minmay_temple_entry_statues_fountains, minivault_22, uniq_menkaure
D:7:      layout_rooms, nicolae_hepliaklqana_monster_ancestors, st_stairs_4
D:8:      layout_basic, eat_drink_and_be_merry_uskayaw, vehumet_statue,
          st_stairs_11
D:9:      layout_layer_cave, lemuel_coloured_pillars_altar, dpeg_oklobed_lair,
          hiddenorc2_lemuel, kennysheep_generic_room_12
Lair:1:   layout_big_grid, serial_bayou_shore_b, grunt_megastairs_2
Lair:2:   layout_hall_layers
Orc:1:    layout_caves, basic_altar, gammafunk_ghost_arena, minmay_orc_barracks,
          uniq_urug

Skill      XL: |  1  2  3  4  5  6  7  8  9 10 11 |
---------------+----------------------------------+-----
Stealth        | 1 2 3 4 5 6 7 8 |  8.5
Fighting       | 3 4 5 7 9 10 11 | 11.2
Dodging        | 3 4 5 6 8 9 10 | 10.4
Ranged Weapons | 5 6 7 9 10 11 | 11.0

Action                   |  1- 3 |  4- 6 |  7- 9 | 10-12 || total
-------------------------+-------+-------+-------+-------++-------
Melee: Shortbow          |       |       |     1 |       ||     1
       Headbutt          |       |       |     1 |       ||     1
 Fire: Shortbow          |   111 |   220 |   331 |   495 ||  1157
Invok: Curse Item        |     1 |     2 |     4 |       ||     7
Evoke: Wand              |       |       |     1 |     7 ||     8
  Use: Scroll            |     3 |     1 |     5 |     5 ||    14
       Potion            |       |       |     4 |     6 ||    10
Armor: Leather armour    |    15 |     2 |       |       ||    17
       Ring mail         |       |    22 |    65 |    42 ||   129
Dodge: Dodged            |    41 |    68 |   235 |   342 ||   686
Block: Other             |     2 |    27 |    65 |    84 ||   178
       Reflection        |       |     1 |     1 |       ||     2

Table legend: (Time is in decaauts)
 A = Elapsed time spent in this place.
 B = Non-inter-level travel time spent in this place.
 C = Inter-level travel time spent in this place.
 D = Time resting spent in this place.
 E = Time spent auto-exploring this place.
 F = Levels seen in this place.
 G = Mean time per level.
                   A        B        C        D        E       F      G
               +--------+--------+--------+--------+--------+-----+--------+
         Total |  11237 |  10976 |    261 |    677 |   8061 |  12 |  936.4 |
       Dungeon |   9178 |   8917 |    261 |    529 |   6544 |   9 | 1019.8 |
          Lair |   2052 |   2052 |      0 |    148 |   1517 |   2 | 1026.0 |
  Orcish Mines |      7 |      7 |      0 |      0 |      0 |   1 |    7.0 |
               +--------+--------+--------+--------+--------+-----+--------+

Top non-repeatable levels by time:
     D:9: 1878 daAuts
  Lair:1: 1558 daAuts
     D:1: 1073 daAuts
     D:8: 1037 daAuts
     D:7: 991 daAuts
     D:5: 901 daAuts
     D:3: 891 daAuts
     D:6: 871 daAuts
     D:2: 816 daAuts
     D:4: 714 daAuts
  Lair:2: 493 daAuts
   Orc:1: 7 daAuts

Table legend:
 A = Kills in this place as a percentage of kills in entire the game.
 B = Kills by you in this place as a percentage of kills by you in the entire game.
 C = Kills by friends in this place as a percentage of kills by friends in the entire game.
 D = Other kills in this place as a percentage of other kills in the entire game.
 E = Experience gained in this place as a percentage of experience gained in the entire game.
 F = Experience gained in this place divided by the number of levels of this place that you have seen.
                   A       B       C       D       E      F
               +-------+-------+-------+-------+-------+----------------------
         Total | 100.0 | 100.0 |   N/A |   N/A | 100.0 | 1365.8
       Dungeon |  86.8 |  86.8 |   N/A |   N/A |  54.7 | 996.2
          Lair |  13.2 |  13.2 |   N/A |   N/A |  45.3 | 3712.0
               +-------+-------+-------+-------+-------+----------------------
